 Dungeon Crawl Stone Soup version 0.22.0 (webtiles) character file.

219 Matezma the Chopper (level 5, -5/32 HPs)
             Began as a Gargoyle Berserker on Oct 31, 2018.
             Was a Priest of Trog.
             Slain by an ogre
             ... wielding a cursed -1 giant club
              (25 damage)
             ... on level 4 of the Dungeon.
             The game lasted 00:10:25 (2922 turns).

Matezma the Chopper (Gargoyle Berserker)            Turns: 2922, Time: 00:10:25

Health: -5/32      AC: 12    Str: 22    XL:     5   Next: 96%
Magic:  5/5        EV: 10    Int:  7    God:    Trog [***...]
Gold:   151        SH:  0    Dex:  9    Spells: 4/4 levels left

rFire    . . .     SeeInvis +   a - +0 hand axe
rCold    . . .     Gourm    .   (no shield)
rNeg     + . .     Faith    .   p - +0 scale mail
rPois    ∞         Spirit   .   (no helmet)
rElec    +         Reflect  .   (no cloak)
rCorr    .         Harm     .   m - +1 pair of gloves
MR       +....                  (no boots)
Stlth    ..........             (no amulet)
HPRegen  0.10/turn              o - ring of protection from magic
MPRegen  0.09/turn              g - ring of see invisible

@: no status effects
A: negative energy resistance 1, electricity resistance, unbreathing,
petrification resistance, rot immunity, AC +4
a: Berserk, Trog's Hand, Renounce Religion


You were on level 4 of the Dungeon.
You worshipped Trog.
Trog was most pleased with you.
You were hungry.

You visited 1 branch of the dungeon, and saw 4 of its levels.

You collected 151 gold pieces.

Inventory:

Hand Weapons
 a - a +0 hand axe (weapon)
 h - a +2 spear of flaming
Missiles
 d - 108 stones (quivered)
Armour
 m - a +1 pair of gloves (worn)
 p - a +0 scale mail (worn)
Jewellery
 g - a ring of see invisible (right hand)
 o - a ring of protection from magic (left hand)
Wands
 j - a wand of flame (38)
Scrolls
 b - a scroll of amnesia {unknown}
 e - 2 scrolls of teleportation
 n - a scroll of enchant armour
Potions
 f - 5 potions of curing {unknown}
 k - a potion of haste {unknown}
 q - a potion of magic
Comestibles
 c - 7 rations


   Skills:
 - Level 3.5 Fighting
 + Level 5.5 Axes
 - Level 2.5 Armour
 - Level 1.8 Dodging


You had 4 spell levels left.
You didn't know any spells.
Your spell library was empty.

Dungeon Overview and Level Annotations

Branches:
Dungeon (4/15)
 Temple: D:4-7

Altars:


Innate Abilities, Weirdness & Mutations

You are resistant to torment.
Your stone body is resilient. (AC +4)
You are immune to poison.
You resist negative energy. (rN+)
You are resistant to electric shocks. (rElec)
You can survive without breathing.
You are immune to petrification.
You are immune to rotting.


Message History

The ogre hits you with a giant club!
Ouch! That really hurt!
You are too injured to fight recklessly!
You are too injured to fight recklessly!
You hit the ogre but do no damage.
The ogre is moderately wounded.
The ogre closely misses you.
You slash the ogre!
The ogre is heavily wounded.
The ogre hits you but does no damage.
You hit the ogre.
The ogre is heavily wounded.
The ogre barely misses you.
You hit the ogre.
The ogre is heavily wounded.
You hit the ogre.
The ogre is severely wounded.
The ogre hits you with a giant club!!
Ouch! That really hurt!
You die...

#.# #.##.#
##.######.##.#
#......##.##.####
#......##.##....#
#......##.#####.#
#......##.# #.#
##.######.# #.#
###.# #.# #.#
..#.######.# #@#
#.#.....#..# #O#
#.....#.#.## #r#
#####.#.#.#
####.# #.#.#r#
#....# #.#.#.#
#.####
#.#.#.###.#
#.#.#.r...#
#...#######


You could see an ogre and a quokka.

Vanquished Creatures
  Terence (D:3)
  Jessica (D:2)
  10 adders
  2 worms (D:3)
  5 dart slugs
  4 giant cockroaches
  4 goblins
  8 hobgoblins
  6 jackals
  8 kobolds
  2 quokkas (D:3)
  5 bats
  5 frilled lizards
  A jackal skeleton (D:3)
  4 rats
66 creatures vanquished.

Notes
Turn   | Place    | Note
-------+----------+-------------------------------------------
     0 | D:1      | Matezma the Gargoyle Berserker began the quest for the Orb.
     0 | D:1      | Reached XP level 1. HP: 14/14 MP: 1/1
     6 | D:1      | Noticed a centaur
     6 | D:1      | Noticed a queen ant
     6 | D:1      | Noticed an iguana
    79 | D:1      | Reached XP level 2. HP: 19/19 MP: 2/2
   332 | D:1      | Reached skill level 3 in Axes
   395 | D:1      | Reached XP level 3. HP: 17/23 MP: 3/3
   885 | D:1      | You fall through a shaft!
  1006 | D:2      | Reached ** piety under Trog
  1066 | D:2      | Reached XP level 4. HP: 17/28 MP: 4/4
  1320 | D:1      | Reached skill level 4 in Axes
  1714 | D:2      | Noticed Jessica
  1722 | D:2      | Killed Jessica
  1722 | D:2      | Reached XP level 5. HP: 26/32 MP: 5/5
  2078 | D:3      | Noticed Terence
  2101 | D:3      | Killed Terence
  2172 | D:3      | Reached skill level 5 in Axes
  2546 | D:3      | Reached *** piety under Trog
  2860 | D:4      | Noticed an ogre
  2922 | D:4      | Slain by an ogre

Skill      XL: |  1  2  3  4  5 |
---------------+----------------+-----
Axes           | 3 4 5 |  5.5
Fighting       | |  3.5
Armour         | |  2.5
Dodging        | |  1.8

Action                   |  1- 3 |  4- 6 || total
-------------------------+-------+-------++-------
Melee: Hand axe          |   111 |   164 ||   275
Throw: Tomahawk          |       |     3 ||     3
  Use: Scroll            |       |     9 ||     9
       Potion            |       |     1 ||     1
  Eat: Chunk             |     1 |     5 ||     6
Armor: Animal skin       |    20 |       ||    20
       Ring mail         |    20 |    68 ||    88
       Skin              |     5 |       ||     5
       Scale mail        |       |    12 ||    12
Dodge: Dodged            |    88 |   103 ||   191
